 Dungeon Crawl Stone Soup version 0.31-a0-18-gea43df2a32 (webtiles) character file.

Game seed: 15870521483219633888

2 123 the Slasher (level 1, -1/18 HPs)
             Began as a Human Chaos Knight on May 12, 2023.
             Was a Plaything of Xom.
             Frozen to death by an endoplasm (3 damage)
             ... on level 1 of the Dungeon.
             The game lasted 00:01:18 (166 turns).

123 the Slasher (Human Chaos Knight)                 Turns: 166, Time: 00:01:18

Health: -1/18      AC:  5    Str: 12    XL:     1   Next: 44%
Magic:  1/1        EV: 11    Int: 12    God:    Xom [*.....]
Gold:   0          SH:  0    Dex: 12    Spells: 0/0 levels left

rFire   . . .        a - +0 falchion (chaos)
rCold   . . .        (no shield)
rNeg    . . .        b - +2 leather armour
rPois   .            (no helmet)
rElec   .            (no cloak)
rCorr   .            (no gloves)
SInv    .            (no boots)
Will    .....        (no amulet)
Stlth   +            (no ring)
HPRegen 0.23/turn    (no ring)
MPRegen 0.07/turn

%: no passive effects
@: no status effects
A: no striking features
a: Renounce Religion


You were on level 1 of the Dungeon.
You worshipped Xom.
You were a special plaything of Xom.
You visited 1 branch of the dungeon, and saw 1 of its levels.

Inventory:

Hand Weapons
 a - a +0 falchion of chaos (weapon)
Armour
 b - a +2 leather armour (worn)
Miscellaneous
 c - a piece from Xom's chessboard (15/15) (quivered)


   Skills:
 + Level 3.0 Fighting
 + Level 3.1 Long Blades
 + Level 2.0 Armour
 + Level 1.0 Dodging


You couldn't memorise any spells.
You didn't know any spells.
Your spell library was empty.

Dungeon Overview and Level Annotations

Branches:
Dungeon (1/15)

Altars:


Message History

You hit the bat but do no damage. The bat barely misses you.
The bat hits you but does no damage.
You miss the bat.
Your butterfly disappears in a puff of smoke!
The bat hits you but does no damage.
You closely miss the bat.
Your butterfly disappears in a puff of smoke!
The bat hits you but does no damage.
You closely miss the bat. The bat hits you but does no damage.
The bat hits you.
You closely miss the bat. The bat hits you but does no damage.
The bat hits you.
You hit the bat.
The bat is moderately wounded.
The bat barely misses you. The bat completely misses you.
The bat barely misses you.
You barely miss the bat.
The bat is moderately wounded.
The bat closely misses you. x2
You completely miss the bat.
The bat is moderately wounded.
The bat hits you but does no damage. The bat barely misses you.
You barely miss the bat.
The bat is moderately wounded.
The bat closely misses you. The bat completely misses you.
You hit the bat. You freeze the bat.
You kill the bat!
You hit the endoplasm. You freeze the endoplasm.
The endoplasm is moderately wounded.
The endoplasm freezes you.
You are frozen.
* * * LOW HITPOINT WARNING * * *
The endoplasm hits you.
* * * LOW HITPOINT WARNING * * *
You hit the endoplasm.
The endoplasm resists with significant effort.
The endoplasm is severely wounded.
The endoplasm freezes you.
You are frozen.
You die...

.[#####.........##..
....................
..#####......b..#...
#.........#
#........)#
#.........#
#.######### #J#
#####@#
##.....######
###..♣♣.......##
#.....♣.....♣P.##
#.#.♣.........P.##
#....♣........PP.#
#...P............#
#................#
#................#


You could see an endoplasm.

Vanquished Creatures
  A hobgoblin (D:1)
  2 bats (D:1)
3 creatures vanquished.

Notes
Turn   | Place    | Note
-------+----------+-------------------------------------------
     0 | D:1      | 123 the Human Chaos Knight began the quest for the Orb.
     0 | D:1      | Reached XP level 1. HP: 18/18 MP: 1/1
   139 | D:1      | XOM: butterfly on damage
   146 | D:1      | XOM: silly message
   166 | D:1      | Frozen to death by an endoplasm

Illustrated notes

Levels and vault maps discovered:
D:1:      wander_arrival_fairy_ring, layout_basic

Action                     || total
---------------------------++-------
  Melee: Falchion          ||    78
 Armour: Leather armour    ||    20
  Dodge: Dodged            ||    44

Table legend: (Time is in decaauts)
 A = Elapsed time spent in this place.
 B = Non-inter-level travel time spent in this place.
 C = Inter-level travel time spent in this place.
 D = Time resting spent in this place.
 E = Time spent auto-exploring this place.
 F = Levels seen in this place.
 G = Mean time per level.
                   A        B        C        D        E       F      G
               +--------+--------+--------+--------+--------+-----+--------+
         Total |    177 |    177 |      0 |      0 |      0 |   1 |  177.0 |
       Dungeon |    177 |    177 |      0 |      0 |      0 |   1 |  177.0 |
               +--------+--------+--------+--------+--------+-----+--------+

Top non-repeatable levels by time:
     D:1: 177 daAuts
